Map: 世界主宰-天梯版

Players

JieShi

  • Race: Protoss Protoss

iGMacSed (MacSed) - Winner!

  • Race: Protoss Protoss
  • League: Grandmaster

Event: DreamHack SC2 Masters 2021 Fall

VOD

Have the link to the VOD?

Description

Time

  • Played on: Aug. 5, 2021, 7:37 a.m.
  • Length: 12:30

All games in this series

Show
View Real Time Build Order
Export as new Build Order

JieShi Protoss 

Build Orders: Archon Immortal, Blink Stalkers 

Get SALT Encoding   

  12  0:00  Probe  
  13  0:12  Probe  
  14  0:17  Pylon  
  14  0:24  Probe (Chrono Boost)  
  16  0:37  Probe (Chrono Boost)  
  16  0:38  Gateway  
  16  0:43  Probe (Chrono Boost)  
  16  0:46  Assimilator  
  17  0:51  Probe  
  17  0:55  Assimilator  
  18  1:03  Probe (Chrono Boost)  
  19  1:09  Gateway  
  19  1:13  Probe (Chrono Boost)  
  19  1:18  Probe (Chrono Boost)  
  21  1:27  Cybernetics Core  
  21  1:30  Probe  
  22  1:35  Pylon  
  22  1:42  Probe  
  23  1:54  Probe  
  24  2:03  Warp Gate  
  24  2:04  Stalker x2  
  28  2:14  Shield Battery  
  28  2:17  Pylon  
  28  2:34  Sentry  
  30  2:40  Nexus  
  30  2:42  Probe  
  31  2:54  Pylon, Probe  
  31  2:57  Sentry  
  34  3:06  Probe  
  34  3:08  Twilight Council  
  35  3:14  Shield Battery  
  35  3:18  Probe  
  36  3:30  Probe  
  37  3:34  Forge  
  37  3:42  Blink (Chrono Boost), Probe (Chrono Boost)  
  38  3:53  Probe x2 (Chrono Boost)  
  40  4:01  Probe x2 (Chrono Boost)  
  42  4:02  Adept  
  42  4:03  Adept  
  42  4:06  Probe (Chrono Boost)  
  42  4:09  Probe  
  48  4:18  Protoss Ground Weapons Level 1 (Chrono Boost), Probe  
  48  4:21  Probe  
  50  4:30  Probe  
  51  4:33  Stalker x2, Probe  
  56  4:42  Probe  
  56  4:45  Probe  
  58  4:52  Nexus  
  58  4:53  Pylon  
  58  4:55  Probe  
  58  4:57  Probe  
  58  4:58  Assimilator  
  60  5:01  Stalker  
  62  5:11  Probe x2  
  64  5:15  Robotics Facility  
  64  5:17  Pylon  
  64  5:23  Probe  
  64  5:27  Gateway x2  
  65  5:32  Shield Battery  
  65  5:33  Probe  
  65  5:35  Probe  
  67  5:45  Probe  
  67  5:47  Probe  
  67  5:58  Probe (Chrono Boost)  
  67  6:01  Probe (Chrono Boost)  
  67  6:02  Charge (Chrono Boost)  
  67  6:03  Immortal  
  67  6:06  Gateway x2  
  67  6:08  Probe (Chrono Boost)  
  67  6:10  Protoss Ground Weapons Level 2 (Chrono Boost)  
  69  6:16  Probe (Chrono Boost)  
  69  6:17  Probe x2 (Chrono Boost)  
  71  6:22  Probe (Chrono Boost)  
  72  6:25  Gateway  
  72  6:26  Gateway, Zealot  
  72  6:27  Zealot  
  72  6:29  Pylon  
  76  6:33  Pylon  
  76  6:34  Zealot x2  
  76  6:38  Pylon  
  80  6:42  Observer  
  80  6:43  Templar Archives  
  81  6:47  Pylon  
  80  6:57  Probe  
  80  6:59  Stalker x2  
  80  7:00  Zealot  
  84  7:01  Zealot  
  84  7:02  Immortal (Chrono Boost)  
  84  7:05  Probe x2  
  89  7:09  Pylon  
  89  7:17  Nexus, Probe x2  
  89  7:20  High Templar x2  
  89  7:21  Zealot  
  97  7:26  Photon Cannon, Archon  
  97  7:30  Warp Prism (Chrono Boost)  
  97  7:32  Probe  
  97  7:33  Probe  
  97  7:36  Zealot  
  103  7:44  Zealot x2  
  103  7:45  Zealot  
  109  7:52  High Templar  
  109  7:55  High Templar, Zealot x2  
  117  7:58  Zealot  
  117  8:00  Archon  
  117  8:03  Pylon  
  119  8:11  Zealot x3  
  125  8:16  Gateway  
  125  8:17  Gateway  
  125  8:18  Pylon  
  125  8:20  Pylon  
  125  8:22  Pylon  
  125  8:30  High Templar  
  125  8:32  Zealot x2  
  125  8:33  High Templar, Zealot x3  
  125  8:34  Zealot  
  141  8:35  Probe  
  141  8:36  Probe x2  
  141  8:37  Archon  
  107  8:57  Zealot x2  
  107  8:59  Stalker x2  
  107  9:00  Zealot x2  
  103  9:05  Zealot  
  103  9:06  Zealot  
  103  9:07  Immortal (Chrono Boost)  
  103  9:09  Probe x2 (Chrono Boost)  
  104  9:10  Probe (Chrono Boost)  
  104  9:12  Zealot  
  104  9:14  Probe (Chrono Boost)  
  106  9:25  Photon Cannon  
  106  9:26  Shield Battery  
  105  9:31  Zealot x2  
  105  9:32  Zealot x3  
  105  9:33  Zealot x2  
  105  9:34  Zealot  
  105  9:36  High Templar  
  105  9:37  High Templar, Zealot x5  
  105  9:38  Zealot x3  
  105  9:41  Archon  
  99  9:47  Immortal (Chrono Boost)  
  99  9:52  Pylon  
  103  9:54  Pylon  
  103  9:58  Sentry, Zealot  
  103  9:59  Zealot x6  
  119  10:11  Warp Prism (Chrono Boost)  
  121  10:15  Zealot x2  
  121  10:18  Assimilator  
  121  10:20  Assimilator  
  125  10:23  Zealot x3  
  125  10:24  Zealot x4  
  139  10:32  Zealot  
  141  10:37  Immortal (Chrono Boost)  
  141  10:39  Zealot  
  141  10:40  Zealot  
  149  10:48  Probe x2  
  151  10:51  Zealot x5  
  151  10:52  Zealot  
  151  10:55  Shield Battery  
  157  10:59  Zealot x2  
  157  11:03  Photon Cannon  
  161  11:05  Zealot  
  161  11:06  Zealot  
  163  11:14  Zealot x2  
  163  11:16  Zealot x3  
  165  11:20  Zealot x3  
  155  11:25  Immortal (Chrono Boost)  
  155  11:26  Zealot  
  155  11:27  Zealot  
  155  11:34  Zealot  
  155  11:35  Zealot  
  155  11:36  Zealot  
  155  11:42  Zealot x3  
  155  11:43  Zealot x2  
  161  11:52  Zealot x2  
  153  11:55  Zealot x2  
  153  11:58  Zealot  
  127  12:09  Zealot x5  
  127  12:12  Zealot x2  
  107  12:15  Zealot  
  107  12:16  Zealot  
  83  12:23  Zealot  
Show
View Real Time Build Order
Export as new Build Order

iGMacSed Protoss - Winner!

Build Orders: Zealot Archon 

Get SALT Encoding   

  12  0:00  Probe  
  13  0:12  Probe  
  14  0:17  Pylon  
  14  0:24  Probe (Chrono Boost)  
  16  0:36  Probe (Chrono Boost)  
  16  0:37  Gateway  
  16  0:43  Probe (Chrono Boost)  
  16  0:46  Assimilator  
  17  0:51  Probe  
  17  0:56  Assimilator  
  18  1:03  Probe (Chrono Boost)  
  19  1:09  Gateway  
  19  1:15  Probe (Chrono Boost)  
  20  1:21  Probe (Chrono Boost)  
  21  1:25  Cybernetics Core  
  21  1:29  Probe  
  22  1:38  Pylon  
  22  1:41  Probe  
  23  1:56  Probe  
  24  2:02  Warp Gate  
  24  2:04  Sentry, Stalker  
  24  2:08  Probe  
  29  2:16  Pylon  
  29  2:23  Shield Battery  
  29  2:30  Stalker  
  31  2:40  Sentry  
  32  2:48  Nexus  
  32  2:54  Shield Battery  
  32  2:58  Probe (Chrono Boost)  
  33  3:01  Sentry  
  35  3:07  Probe (Chrono Boost)  
  35  3:11  Pylon  
  35  3:12  Probe (Chrono Boost)  
  37  3:24  Probe (Chrono Boost)  
  38  3:32  Twilight Council  
  38  3:36  Probe (Chrono Boost)  
  39  3:42  Forge  
  39  3:43  Probe (Chrono Boost)  
  40  3:51  Probe (Chrono Boost)  
  41  4:01  Probe (Chrono Boost)  
  42  4:06  Blink (Chrono Boost)  
  42  4:08  Probe (Chrono Boost)  
  44  4:10  Probe (Chrono Boost)  
  44  4:14  Protoss Ground Weapons Level 1  
  44  4:15  Probe (Chrono Boost)  
  45  4:18  Robotics Facility  
  45  4:20  Probe (Chrono Boost)  
  47  4:25  Probe (Chrono Boost)  
  47  4:28  Probe (Chrono Boost)  
  47  4:30  Probe (Chrono Boost)  
  48  4:36  Shield Battery  
  48  4:38  Adept x2  
  53  4:39  Probe  
  53  4:41  Probe  
  53  4:43  Assimilator  
  55  4:48  Immortal  
  55  4:54  Gateway, Probe  
  55  4:55  Gateway  
  55  4:57  Pylon  
  56  5:06  Probe  
  57  5:10  Nexus  
  57  5:14  Pylon  
  57  5:20  Stalker  
  59  5:21  Stalker  
  61  5:29  Pylon  
  61  5:30  Probe x2  
  61  5:33  Shield Battery  
  63  5:42  Probe  
  63  5:54  Stalker x3  
  66  6:01  Probe  
  67  6:05  Pylon  
  67  6:06  Probe  
  67  6:10  Observer  
  68  6:13  Protoss Ground Weapons Level 2 (Chrono Boost), Probe  
  69  6:19  Probe (Chrono Boost)  
  69  6:24  Charge  
  71  6:26  Probe (Chrono Boost)  
  71  6:28  Probe (Chrono Boost)  
  73  6:36  Probe (Chrono Boost)  
  73  6:37  Probe (Chrono Boost)  
  73  6:38  Probe (Chrono Boost)  
  75  6:41  Probe (Chrono Boost)  
  75  6:43  Probe x2 (Chrono Boost)  
  78  6:50  Gateway  
  78  6:52  Probe  
  78  6:53  Gateway  
  79  6:54  Gateway  
  79  7:07  Gateway  
  77  7:08  Templar Archives  
  77  7:09  Zealot x3  
  77  7:10  Zealot  
  77  7:14  Shield Battery  
  83  7:20  Probe x3  
  86  7:23  Photon Cannon  
  86  7:31  Gateway  
  86  7:32  Probe x2  
  86  7:34  Gateway  
  88  7:38  Zealot x2  
  88  7:39  Zealot x2  
  96  7:45  Probe  
  96  7:46  High Templar  
  96  7:47  Assimilator x2  
  96  7:49  High Templar  
  101  7:52  Pylon  
  101  7:53  Pylon, Archon  
  101  7:55  Pylon  
  101  7:57  Observer  
  101  7:58  Pylon  
  101  7:59  Pylon  
  101  8:10  Probe x2  
  101  8:11  High Templar x2, Zealot x4  
  115  8:13  Probe  
  115  8:17  Archon  
  116  8:22  Zealot x2  
  120  8:28  High Templar  
  120  8:31  Shield Battery, High Templar  
  124  8:34  Zealot x4  
  124  8:35  Archon  
  132  8:47  Zealot x4  
  132  8:50  Observer  
  108  8:55  Zealot x4  
  108  9:01  Zealot  
  110  9:08  High Templar  
  110  9:09  High Templar  
  104  9:10  Zealot x3  
  104  9:15  Archon  
  104  9:16  High Templar x2  
  114  9:17  Zealot x2  
  114  9:20  Archon  
  118  9:25  Zealot  
  118  9:32  Protoss Ground Weapons Level 3 (Chrono Boost)  
  118  9:36  Zealot x3  
  118  9:37  Warp Prism (Chrono Boost)  
  120  9:47  Nexus  
  120  9:50  Pylon, High Templar x2  
  120  9:51  Zealot x4  
  132  9:55  Archon, Zealot  
  132  9:58  Zealot x2  
  138  10:03  Zealot  
  138  10:05  Probe  
  140  10:07  Colossus  
  140  10:13  High Templar x2  
  140  10:14  Zealot x2  
  148  10:17  Archon  
  148  10:37  Pylon x2  
  148  10:39  Pylon  
  148  10:42  Pylon  
  148  10:45  Pylon  
  148  10:56  High Templar  
  146  10:57  High Templar x3  
  146  10:58  Zealot x6  
  146  11:03  Archon x2  
  148  11:19  Gateway  
  148  11:21  Gateway  
  148  11:22  Zealot  
  148  11:23  Zealot x5  
  150  11:31  Robotics Bay  
  146  11:37  Zealot x4  
  148  11:44  High Templar x2  
  148  11:45  Zealot x4  
  154  11:49  Archon  
  146  11:59  Zealot x4  
  150  12:07  Zealot x4  
  132  12:16  Zealot x2  
  132  12:17  Zealot x2  
  124  12:25  High Templar x4  

Tags
 
Add a new tag
Caveats
  • Supply blocks, unpowered buildings, or Contaminate may cause inaccurate times.
  • Supply counts are checked every 10 seconds.